4 Blademaster
2 Wind Walk
2 Critical Strike
4 Goblin Alchemist
2 Chemical Rage
1 Acid Bomb
1 Healing Spray
2 Goblin Tinker
1 Pocket Factory
1 Engineering Upgrade
» actions
| Assign group hotkey | 13 | |
| Basic commands | 29 | |
| Build / train | 65 | |
| ESC pressed | 6 | |
| Enter build submenu | 34 | |
| Enter hero's abilities submenu | 10 | |
| Give item / drop item | 1 | |
| Right click | 290 | |
| Select / deselect | 253 | |
| Select group hotkey | 165 | |
| Use ability | 66 | |
932 total
» units
| Peon | 5 | |
| Grunt | 8 | |
| Goblin Shredder | 1 | |
| Raider | 2 | |
| Kodo Beast | 2 | |
| Troll Batrider | 3 | |
| Shaman | 3 | |
| Troll Witch Doctor | 3 | |
27 total
» upgrades
| Pillage | 1 | |
| Armor | 2 | |
| Melee Weapons | 3 | |
| Ensnare | 1 | |
| Liquid Fire | 1 | |
| War Drums Damage Increase | 2 | |
| Shaman Training | 2 | |
| Witch Doctor Training | 1 | |
| Berserker Strength | 1 | |
| Troll Regeneration | 1 | |
| Ranged Weapons | 1 | |
16 total
» buildings
| Altar of Storms | 1 | |
| Orc Burrow | 8 | |
| Barracks | 3 | |
| War Mill | 1 | |
| Voodoo Lounge | 2 | |
| Stronghold | 1 | |
| Great Hall | 1 | |
| Watch Tower | 5 | |
| Fortress | 1 | |
| Beastiary | 2 | |
| Spirit Lodge | 2 | |
| Tauren Totem | 1 | |
28 total
» build order
00:01 Altar of Storms
00:03 Orc Burrow
00:58 Barracks
01:03 Barracks
01:41 Orc Burrow
01:50 War Mill
02:15 Orc Burrow
02:30 Voodoo Lounge
04:13 Stronghold
05:00 Orc Burrow
08:30 Great Hall
08:33 Watch Tower
08:34 Watch Tower
08:36 Orc Burrow
08:40 Voodoo Lounge
09:11 Fortress
09:42 Orc Burrow
09:44 Watch Tower
09:51 Watch Tower
10:00 Watch Tower
10:34 Beastiary
10:43 Spirit Lodge
13:28 Barracks
13:31 Beastiary
13:34 Tauren Totem
13:36 Spirit Lodge
15:13 Orc Burrow
15:16 Orc Burrow
» items
| Lesser Clarity Potion | 3 | |
| Scroll of Speed | 1 | |
| Orb of Lightning | 2 | |
| Healing Salve | 1 | |
7 total